 Dungeon Crawl Stone Soup version 0.25-a0-670-g50981ef (webtiles) character file.

Game seed: 18151388192556211176, levelgen mode: deterministic

494 BlueFish the Slasher (level 6, 0/47 HPs)
             Began as a Demonspawn Gladiator on Mar 29, 2020.
             Slain by a slave (3 damage)
             ... led by Pikel
             ... on level 3 of the Dungeon on Mar 30, 2020.
             The game lasted 00:11:29 (4179 turns).

BlueFish the Slasher (Demonspawn Gladiator)         Turns: 4179, Time: 00:11:30

Health: 0/47       AC: 10    Str: 16    XL:     6   Next: 92%
Magic:  6/6        EV:  9    Int: 10    God:
Gold:   172        SH:  0    Dex: 14    Spells: 5/5 levels left

rFire    . . .     SeeInvis .   a - +1 long sword
rCold    . . .     Gourm    .   (no shield)
rNeg     . . .     Faith    .   i - +0 chain mail
rPois    .         Spirit   .   c - +1 helmet
rElec    .         Reflect  .   (no cloak)
rCorr    .         Harm     .   (no gloves)
MR       .....                  (no boots)
Stlth    ..........             (no amulet)
HPRegen  0.15/turn              (no ring)
MPRegen  0.10/turn              (no ring)

@: no status effects
A: hooves 2, demonic guardian 1, sturdy frame 1
a: no special abilities


You were on level 3 of the Dungeon.
You were not hungry.

You visited 1 branch of the dungeon, and saw 4 of its levels.

You collected 172 gold pieces.

Inventory:

Hand Weapons
 a - a +1 long sword (weapon)
Missiles
 d - 3 throwing nets (quivered)
Armour
 c - a +1 helmet (worn)
 i - a +0 chain mail (worn)
Wands
 p - a wand of polymorph (8)
Potions
 e - 4 potions of curing
 g - a potion of flight {unknown}
 h - 2 potions of stabbing
 l - a potion of mutation {unknown}
 n - a potion of heal wounds {unknown}
Comestibles
 f - 3 rations


   Skills:
 * Level 3.3 Fighting
 * Level 5.9 Long Blades
 + Level 1.8 Throwing
 + Level 2.0 Armour
 + Level 3.2 Dodging
 + Level 0.1 Stealth


You had 5 spell levels left.
You didn't know any spells.
Your spell library was empty.

Dungeon Overview and Level Annotations

Branches:
Dungeon (4/15)
 Temple: D:4-7

Altars:
Kikubaaqudgha
Sif Muna

Annotations:
D:4 Pikel


Innate Abilities, Weirdness & Mutations

You have hoof-like feet.
A weak demonic guardian rushes to your aid.
Your movements are slightly less encumbered by armour. (ER -2)


Message History

The slave hits your white imp.
Your white imp gestures at the slave.
The puff of frost hits the slave!
Pikel misses your white imp. The slave barely misses your white imp.
You see here a cursed +0 chain mail.
Your white imp barely misses the slave.
Pikel hits your white imp with a +2 whip of flaming.
Pikel burns your white imp. The slave hits your white imp.
Your white imp dies!
Pikel shouts!
There is a stone staircase leading up, spattered with blood here.
The slave hits you but does no damage.
You climb upwards.
There is a stone staircase leading down here.
You barely miss the slave. The slave closely misses you.
You closely miss the slave. The slave hits you!
* * * LOW HITPOINT WARNING * * *
You barely miss the slave. You kick the slave, but do no damage.
The slave hits you.
You die...

##################
................@#
.....######.####p#####
####)## #.# #5...(#
......# #.# #####.#
#####.## #.# #.# #..#
#.# ###.# ##.# #.#
####.(.# # #.##
#.###...##.# ######..#
#.##(......#


You could see a slave and a friendly white imp.

Vanquished Creatures
  A wyvern (D:4)
  An orc wizard (D:4)
  An orc priest (D:3)
  A worker ant (D:2)
  Robin (D:2)
  4 adders
  3 gnolls (D:3)
  2 oozes
  5 worms
  2 dart slugs
  2 leopard geckos
  6 orcs
  A ball python (D:3)
  7 giant cockroaches
  13 goblins
  13 hobgoblins
  7 jackals
  7 bats
  9 frilled lizards
  8 kobolds
  7 rats
101 creatures vanquished.

Vanquished Creatures (collateral kills)
  A slave (D:3)
  An orc priest (D:4)
  A bullfrog skeleton (D:4)
  Jessica (D:3)
  An orc (D:3)
5 creatures vanquished.

Grand Total: 106 creatures vanquished

Notes
Turn   | Place    | Note
-------+----------+-------------------------------------------
     0 | D:1      | BlueFish the Demonspawn Gladiator began the quest for the
                  | Orb.
     0 | D:1      | Reached XP level 1. HP: 16/16 MP: 1/1
   101 | D:1      | Reached skill level 3 in Long Blades
   103 | D:1      | Gained mutation: You have large cloven feet. [demonic
                  | ancestry]
   103 | D:1      | Reached XP level 2. HP: 21/22 MP: 2/2
   788 | D:1      | Gained mutation: You have hoof-like feet. [demonic
                  | ancestry]
   788 | D:1      | Reached XP level 3. HP: 10/28 MP: 3/3
  1098 | D:2      | Noticed Robin
  1308 | D:2      | Killed Robin
  1532 | D:2      | Gained mutation: Your movements are slightly less
                  | encumbered by armour. (ER -2) [demonic ancestry]
  1532 | D:2      | Reached XP level 4. HP: 34/34 MP: 4/4
  1672 | D:2      | Reached skill level 4 in Long Blades
  1909 | D:2      | Found an ancient bone altar of Kikubaaqudgha.
  2230 | D:3      | Reached skill level 1 in Armour
  2232 | D:3      | Gained mutation: A weak demonic guardian rushes to your
                  | aid. [demonic ancestry]
  2232 | D:3      | Reached XP level 5. HP: 39/40 MP: 5/5
  2554 | D:3      | Noticed Jessica
  2808 | D:3      | Reached skill level 5 in Long Blades
  2976 | D:3      | Killed Jessica
  2984 | D:3      | Found a shimmering blue altar of Sif Muna.
  3112 | D:3      | Reached XP level 6. HP: 47/47 MP: 6/6
  3256 | D:4      | Noticed a wyvern
  3262 | D:4      | Killed a wyvern
  3334 | D:4      | Noticed a slave
  3335 | D:4      | Noticed a slave
  3336 | D:4      | Noticed Pikel
  3353 | D:3      | HP: 2/47 [slave[Pikel] (2)]
  3935 | D:3      | Killed a slave
  4160 | D:4      | Noticed a slave
  4162 | D:4      | Noticed a slave
  4179 | D:3      | Slain by a slave

Levels and vault maps discovered:
D:1:      shiori_shiawase, layout_loops_ring
D:2:      layout_basic, kiku_gazebo_garden_becter, minmay_hexomino_f4,
          uniq_robin
D:3:      cheibrodos_pilgrimage, layout_basic, first_ration, tgw_sif
D:4:      layout_loops_ring, serial_shops, shop_scrolls,
          uniq_crazy_yiuf_cottage, uniq_pikel

Skill      XL: |  1  2  3  4  5  6 |
---------------+-------------------+-----
Long Blades    | 3 4 5 |  5.9
Dodging        | 3 |  3.2
Armour         | 1 2 |  2.0
Fighting       | 3 |  3.3
Throwing       | |  1.8
Stealth        | |  0.1

Action                   |  1- 3 |  4- 6 || total
-------------------------+-------+-------++-------
Melee: Long sword        |   115 |   167 ||   282
       Kick              |    38 |    57 ||    95
  Use: Scroll            |     1 |     7 ||     8
       Potion            |       |     1 ||     1
  Eat: Chunk             |     2 |     6 ||     8
       Ration            |       |     1 ||     1
Armor: Leather armour    |    29 |       ||    29
       Chain mail        |       |   101 ||   101
Dodge: Dodged            |    62 |    82 ||   144
       Rpst.: Long sword |    20 |    27 ||    47

Table legend:
 A = Non-vault XP
 B = Vault XP
 C = Vault XP percentage of total XP
 D = Non-vault monster count
 E = Vault monster count
 F = Vault count percentage of total count
                 A         B        C        D         E       F
            +---------+---------+-------+---------+---------+-------
      Total |     572 |     134 |  19.0 |      83 |      22 |  21.0
            +---------+---------+-------+---------+---------+-------
        D:1 |      42 |       0 |   0.0 |      25 |       0 |   0.0
        D:2 |     104 |      44 |  29.7 |      27 |      15 |  35.7
        D:3 |     115 |      90 |  43.9 |      24 |       7 |  22.6
        D:4 |     311 |       0 |   0.0 |       7 |       0 |   0.0
            +---------+---------+-------+---------+---------+-------
